AoeStats
← 水鱼

Arabia

508654477Analyzed
1v1 RM · 8d ago on Sep 23, 2026· 32m 39s· 2 players
Game mode
Random Map
Map size
Tiny (2 player)
Population
200
Speed
Normal
Resources
Standard
Victory
Conquest
Starting age
Dark Age
Ending age
Imperial Age
RankedLock teamsTeams togetherTeam positionsShared explorationLock speedFull tech treeHidden civsTurbo modeCheats
Victory
Defeat
🇨🇳 Sicilians · China
1265
+15
🇩🇪 Chinese · Germany
1234
-15
Mülli Müllion
0:26 Loom
9:45 Feudal Age
11:22 Fletching
22:44 Castle Age
21:48 Padded Archer Armor
22:47 Crossbowman
23:29 Bodkin Arrow
28:27 Horse Collar
水鱼
5:20 Loom
8:27 Feudal Age
17:04 Double-Bit Axe
21:44 Horse Collar
24:35 Castle Age
23:54 Wheelbarrow
23:21 Scale Mail Armor
23:31 Forging
23:12 Gold Mining
24:19 Forging
25:42 Chain Mail Armor
27:00 Squires
32:13 Iron Casting
Connection lost

Rejoining the realm…

Still unreachable

The connection could not be restored.

Session expired

The server has moved on; the page needs a fresh start.